 Dungeon Crawl Stone Soup version 0.19-a0-291-ga637243 (webtiles) character file.

216860 Ijustatesigmund the Executioner (level 19, -19/185 HPs)
             Began as a Hill Orc Fighter on May 27, 2016.
             Was an Elder of Ukayaw.
             Killed from afar by a hell knight (36 damage)
             ... with a bolt of fire
             ... led by Margery
             ... on level 3 of the Vaults.
             The game lasted 01:35:49 (27418 turns).

Ijustatesigmund the Executioner (Hill Orc Fighter) Turns: 27418, Time: 01:35:56

Health: -19/185    AC: 31    Str: 27    XL:     19   Next: 6%
Magic:  27/27      EV: 13    Int:  6    God:    Ukayaw [****..]
Gold:   2148       SH: 18    Dex: 22    Spells: 0 memorised, 18 levels left

rFire  . . .     SeeInvis .     A - +8 war axe "Xeoqeodu" {chop, rElec Str+5}
rCold  + . .     Gourm    .     M - +2 plate armour {rC+}
rNeg   . . .     Faith    .     C - +4 shield {AC+3}
rPois  +         Spirit   .     I - +1 helmet
rElec  +         Dismiss  .     W - +1 cloak
rCorr  .         Reflect  .     (no gloves)
SustAt .         Harm     .     i - +2 pair of boots
MR     +....                    v - amulet of regeneration
Stlth  ..........               R - ring of poison resistance
                                g - +5 ring of dexterity

@: studying Conjurations, drained, somewhat resistant to hostile enchantments,
extremely unstealthy
A: thin metallic scales 1, agile 1, dopey 1, low mp 1
a: Stomp, Line Pass, Renounce Religion
}: 1/15 runes: gossamer


You were on level 3 of the Vaults.
You worshipped Ukayaw.
Ukayaw was greatly pleased with you.
You were not hungry.

You visited 5 branches of the dungeon, and saw 30 of its levels.

You collected 2369 gold pieces.
You spent 221 gold pieces at shops.

Inventory:

Hand Weapons
 d - a cursed +0 broad axe
 r - a +4 war axe of flaming
 A - the +8 war axe "Xeoqeodu" (weapon) {chop, rElec Str+5}
   (You bought it in a shop on level 2 of the Vaults)

   It inflicts extra damage upon your enemies.
   It affects your strength (+5).
   It insulates you from electricity.
Armour
 i - a +2 pair of boots (worn)
 C - a +4 shield of protection (worn)
 E - a +0 fire dragon armour
 I - a +1 helmet (worn)
 M - a +2 plate armour of cold resistance (worn)
 W - a +1 cloak (worn)
Jewellery
 b - an uncursed ring of sustain attributes
 g - a +5 ring of dexterity (left hand)
 j - an uncursed ring of fire
 v - an amulet of regeneration (around neck)
 Q - an uncursed amulet of magic regeneration
 R - a ring of poison resistance (right hand)
 V - an uncursed ring of positive energy
Wands
 w - a wand of acid (6/15)
 B - a wand of disintegration (15/24)
 J - a wand of lightning (6/15)
 N - a wand of iceblast (9/15)
 O - a wand of slowing (6/48)
Scrolls
 a - 7 scrolls of identify
 e - 6 scrolls of fog
 h - 11 scrolls of amnesia
 t - 4 scrolls of recharging
 y - 2 scrolls of enchant weapon
 D - 13 scrolls of teleportation
 G - 10 scrolls of remove curse
 S - a scroll of fear
 T - a scroll of summoning {unknown}
Potions
 k - 6 potions of lignification
 m - 3 potions of ambrosia
 o - 8 potions of flight
 q - a potion of agility
 s - a potion of mutation
 u - 8 potions of brilliance
 x - 5 potions of curing
 z - 3 potions of magic
 F - 3 potions of berserk rage
 H - a potion of cancellation
 K - a potion of heal wounds
 L - 3 potions of haste
Books
 c - a manual of Conjurations
 l - a book of the Tempests

   Spells                             Type                      Level
   a - Static Discharge               Conjuration/Air              3
   b - Lightning Bolt                 Conjuration/Air              5
   c - Fireball                       Conjuration/Fire             5
   d - Tornado                        Air                          9
   e - Shatter                        Earth                        9
 p - a book of the Warp

   Spells                             Type                      Level
   a - Recall                         Summoning/Translocation      3
   b - Gell's Gravitas                Hexes/Translocation          3
   c - Force Lance                    Conjuration/Translocation    4
   d - Warp Weapon                    Charms/Translocation         5
   e - Summon Forest                  Summoning/Translocation      5
Comestibles
 f - 16 bread rations
 n - 12 meat rations
 P - 16 royal jellies


   Skills:
 + Level 20.0 Fighting
 + Level 21.3 Axes
 + Level 12.6 Armour
 - Level 8.6(8.5) Dodging
 - Level 8.3 Stealth
 - Level 10.5 Shields
 - Level 15.7(15.6) Invocations


You had 18 spell levels left.
You didn't know any spells.

Dungeon Overview and Level Annotations

Branches:
Dungeon (14/15)            Temple (1/1) D:7            Lair (8/8) D:8
  Swamp (0/4) Lair:4       Spider (4/4) Lair:4        Slime (0/6) Lair:6
    Orc (0/2) D:10         Vaults (3/5) D:14          Crypt (0/3) Vaults:2

Altars:
Ashenzari
Cheibriados
Dithmenos
Elyvilon
Fedhas
Gozag
Hepliaklqana
Kikubaaqudgha
Makhleb
Nemelex Xobeh
Okawaru
Pakellas
Qazlal
Ru
Sif Muna
Trog
Ukayaw
Vehumet
Xom
Yredelemnul
Zin
The Shining One
Beogh

Shops:
D:12 }   Vaults:2 (

Annotations:
D:6 exclusion: statue
Lair:5 exclusion: oklob plant
Vaults:3 Margery


Innate Abilities, Weirdness & Mutations

You are partially covered in thin metallic scales. (AC +2)
You are agile. (Dex +2)
You are dopey. (Int -2)
Your magical capacity is low. (-10% MP)


Message History

an enchanted great mace; a shiny plate armour; a human corpse The helpless hell knight fails to defend itself.
You cut the hell knight into ribbons!!!
You kill the hell knight!
You hit Margery.
Margery is lightly wounded.
The hell knight is no longer paralysed.
Margery hits you but does no damage.
Ukayaw links your audience in an emotional bond!
An orc sorcerer comes into view. It is wielding a dagger.
You hit Margery but do no damage.
Margery is lightly wounded.
You block the hell knight's attack.
You slice Margery!!
Margery is moderately wounded.
Margery casts a spell at you. The bolt of fire hits you!
* * * LOW HITPOINT WARNING * * *
The hell knight gestures at you while chanting.
The bolt of fire hits you!
You die...

#### ######''###
#..# #.......# #..#
#.......# ...#
#####'#####
...####.........####
#..'..#.#'#++##.#..#
..##..#.#.....#.#..#
.###..#.#.....#.#..#
..##..'.#.....#)@@.#
####..#.#....?#.#).#
# #..#.#..(..#.#.p#
# #..#.#######o#..#
####.. ..#### ###
###


You could see Margery, a hell knight and an orc sorcerer.

Vanquished Creatures
  Mennas (Vaults:3)
  Rupert (D:12)
  Frances (D:12)
  Maud (Lair:5)
  3 ghost moths
  6 vault wardens
  8 emperor scorpions
  4 ironheart preservers
  2 stone giants
  A very ugly thing (Vaults:2)
  A vampire knight (Vaults:2)
  The ghost of DEFE the Cleaver, a journeyman HOFi of the Shining One (D:11)
  Josephine (Lair:4)
  2 vault guards (Vaults:1)
  3 fire dragons
  3 entropy weavers
  2 ogre magi
  3 yaktaur captains
  Harold (Lair:4)
  A rakshasa (Vaults:2)
  2 catoblepae
  5 centaur warriors
  11 hydras
  The ghost of DEFE the Cleaver, a novice HOFi of the Shining One (D:9)
  2 dancing weapons (D:14)
  A death knight (Vaults:2)
  Urug (Lair:3)
  28 death yaks
  A deep elf knight (Vaults:3)
  5 hell knights (Vaults:3)
  A giant orange brain (shapeshifter) (Vaults:3)
  5 deep trolls (Vaults:3)
  2 unseen horrors (Vaults:1)
  5 hill giants
  An orb spider (shapeshifter) (Vaults:1)
  4 harpies (Vaults:1)
  7 ironbrand convokers
  8 griffons
  8 ugly things
  3 necromancers
  An orc sorcerer (Vaults:2)
  4 deep elf magi (Vaults:3)
  9 orc knights
  25 wolf spiders
  A moth of wrath (Spider:4)
  13 orb spiders
  A stone giant zombie (Vaults:3)
  5 hornets
  Maurice (D:12)
  12 elephants
  5 cyclopes
  8 black mambas
  A stone giant skeleton (Vaults:1)
  4 torpor snails
  Joseph (D:7)
  A gargoyle (D:12)
  12 spiny frogs
  4 vault sentinels
  A smoke demon (D:13)
  A salamander skeleton (Vaults:1)
  A centaur skeleton (D:14)
  5 freezing wraiths
  5 kobold demonologists
  A spiny frog (shapeshifter) (Vaults:3)
  5 rime drakes
  A redback zombie (D:13)
  17 demonic crawlers
  An ice devil (D:13)
  8 komodo dragons
  24 yaktaurs
  A yaktaur skeleton (Vaults:3)
  3 trolls
  A merfolk (D:9)
  26 jumping spiders
  A queen bee (Lair:7)
  6 two-headed ogres
  9 blink frogs
  A hornet zombie (D:13)
  21 slime creatures
  4 boulder beetles
  6 wraiths
  73 redbacks
  28 yaks
  5 vampires
  33 tarantellas
  6 wyverns (Lair:6)
  6 basilisks
  3 steam dragons (Lair:8)
  8 hippogriffs
  11 vampire mosquitoes
  2 hungry ghosts
  A warg (Vaults:2)
  A human simulacrum (Vaults:2)
  Edmund (D:6)
  2 elf zombies
  3 mottled dragons (Lair:8)
  21 water moccasins
  3 soldier ants
  5 swamp worms (Lair:4)
  17 porcupines
  13 orc warriors
  An eye of draining (D:12)
  5 ice beasts
  2 black bears
  2 wasps
  An ettin simulacrum (Vaults:3)
  9 ogres
  3 phantoms
  2 necrophages
  19 wolves
  21 centaurs
  15 crocodiles
  4 big kobolds
  29 giant frogs
  4 scorpions
  42 killer bees
  4 wights
  7 electric eels
  7 crimson imps
  2 howler monkeys
  2 centaur zombies
  8 hounds
  2 jellies
  Crazy Yiuf (D:7)
  13 orc priests
  9 iguanas
  14 orc wizards
  10 worker ants
  19 sheep
  4 worker ant zombies
  A howler monkey zombie (D:5)
  5 gnolls
  10 adders
  70 river rats
  2 shadow imps
  4 white imps (D:13)
  An ooze (D:2)
  An adder skeleton (D:7)
  5 worms
  2 dart slugs
  6 giant geckos
  61 orcs
  9 giant cockroaches
  8 goblins
  11 hobgoblins
  2 jackals (D:10)
  3 quokkas
  3 ball pythons
  9 bats
  A giant cockroach zombie (D:6)
  4 giant newts
  14 kobolds
  11 rats
  8 fungi
  4 plants
1162 creatures vanquished.

Vanquished Creatures (others)
  An adder (D:3)
  2 hobgoblins (D:3)
  9 fungi (Lair:6)
  7 plants
19 creatures vanquished.

Grand Total: 1181 creatures vanquished

Notes
Turn   | Place    | Note
--------------------------------------------------------------
     0 | D:1      | Ijustatesigmund the Hill Orc Fighter began the quest for the Orb.
     0 | D:1      | Reached XP level 1. HP: 19/19 MP: 1/1
    52 | D:1      | Reached skill level 3 in Axes
   173 | D:1      | Reached XP level 2. HP: 21/27 MP: 2/2
   703 | D:1      | Reached skill level 4 in Axes
   703 | D:1      | Reached XP level 3. HP: 33/33 MP: 3/3
  1106 | D:2      | Reached XP level 4. HP: 38/41 MP: 4/4
  1118 | D:2      | You fall through a shaft for 2 floors!
  1226 | D:4      | Reached skill level 5 in Fighting
  1226 | D:4      | Reached skill level 5 in Axes
  1226 | D:4      | Reached XP level 5. HP: 39/48 MP: 5/5
  1380 | D:4      | Reached skill level 6 in Axes
  1380 | D:4      | Reached XP level 6. HP: 40/57 MP: 6/6
  2120 | D:3      | Found a shattered altar of Ashenzari.
  2842 | D:2      | Found an iron altar of Okawaru.
  3193 | D:2      | Found a glowing golden altar of the Shining One.
  3637 | D:4      | Reached skill level 7 in Axes
  3710 | D:5      | Entered Level 5 of the Dungeon
  3764 | D:4      | Reached XP level 7. HP: 37/66 MP: 7/7
  3977 | D:5      | Reached skill level 8 in Axes
  4318 | D:5      | Reached XP level 8. HP: 74/74 MP: 8/8
  4333 | D:5      | Reached skill level 9 in Axes
  4694 | D:6      | Found a hide-covered altar to Ukayaw.
  4703 | D:6      | Found a radiant altar of Vehumet.
  4729 | D:6      | Found a shimmering altar of Xom.
  4730 | D:6      | Found a hazy altar of Hepliaklqana.
  4772 | D:6      | Noticed Edmund
  4783 | D:6      | Killed Edmund
  4783 | D:6      | Reached skill level 10 in Axes
  5121 | D:7      | Found a staircase to the Ecumenical Temple.
  5129 | D:7      | Reached XP level 9. HP: 68/84 MP: 9/9
  5218 | Temple   | Entered the Ecumenical Temple
  5290 | D:7      | Found a sacrificial altar of Ru.
  5388 | D:7      | Reached skill level 5 in Shields
  5395 | D:7      | Found a white marble altar of Elyvilon.
  5498 | D:7      | Reached skill level 5 in Armour
  5509 | D:7      | Noticed Joseph
  5529 | D:7      | Killed Joseph
  5529 | D:7      | Reached skill level 10 in Fighting
  5532 | D:7      | Reached skill level 11 in Axes
  5741 | D:7      | Noticed Crazy Yiuf
  5744 | D:7      | Killed Crazy Yiuf
  5942 | D:8      | Found a staircase to the Lair.
  5969 | D:8      | Reached XP level 10. HP: 93/94 MP: 10/10
  5982 | D:8      | Found a shimmering altar of Xom.
  6174 | D:8      | Noticed a centaur warrior
  6176 | D:8      | Noticed a four-headed hydra
  6182 | D:8      | Killed a centaur warrior
  6186 | D:8      | Killed a one-headed hydra
  6186 | D:8      | Reached skill level 12 in Axes
  6883 | D:9      | Reached skill level 13 in Axes
  6917 | D:9      | Reached XP level 11. HP: 57/104 MP: 11/11
  7001 | D:9      | Noticed DEFE's ghost (novice HOFi)
  7021 | D:9      | Killed DEFE's ghost
  7438 | D:9      | Found an ancient bone altar of Kikubaaqudgha.
  7606 | D:10     | Entered Level 10 of the Dungeon
  7730 | D:10     | Noticed a hill giant
  7738 | D:10     | Killed a hill giant
  7738 | D:10     | Reached skill level 14 in Axes
  7805 | D:10     | Found a roughly hewn altar of Beogh.
  7805 | D:10     | Found a staircase to the Orcish Mines.
  7805 | D:10     | Noticed an orc knight
  7823 | D:10     | Killed an orc knight
  8329 | D:6      | Became a worshipper of Ukayaw the Reveler
  8410 | D:8      | Reached * piety under Ukayaw
  8514 | D:11     | Noticed DEFE's ghost (journeyman HOFi)
  8527 | D:11     | Reached skill level 1 in Invocations
  8530 | D:11     | Reached ** piety under Ukayaw
  8832 | D:8      | Reached *** piety under Ukayaw
  8891 | Lair:1   | Entered Level 1 of the Lair of Beasts
  9149 | Lair:1   | Reached **** piety under Ukayaw
  9216 | Lair:1   | Reached skill level 5 in Invocations
  9980 | Lair:2   | Reached XP level 12. HP: 100/115 MP: 18/18
  9983 | Lair:2   | Reached ***** piety under Ukayaw
 10130 | Lair:2   | Noticed a four-headed hydra
 10140 | Lair:2   | Killed a one-headed hydra
 10140 | Lair:2   | Reached skill level 10 in Invocations
 10426 | Lair:3   | Noticed a six-headed hydra
 10437 | Lair:3   | Killed a one-headed hydra
 10540 | Lair:3   | Noticed an eight-headed hydra
 10551 | Lair:3   | Killed a two-headed hydra
 10872 | Lair:3   | Noticed a death yak
 10873 | Lair:3   | Noticed a death yak
 10874 | Lair:3   | Noticed a death yak
 10875 | Lair:3   | Noticed a death yak
 10875 | Lair:3   | Noticed a death yak
 10875 | Lair:3   | Noticed a death yak
 10882 | Lair:3   | Killed a death yak
 10886 | Lair:3   | Killed a death yak
 10886 | Lair:3   | Killed a death yak
 10887 | Lair:3   | Killed a death yak
 10887 | Lair:3   | Killed a death yak
 10890 | Lair:3   | Killed a death yak
 11215 | Lair:3   | Reached XP level 13. HP: 89/122 MP: 22/24
 11216 | Lair:3   | Reached skill level 15 in Invocations
 11234 | Lair:3   | Reached ****** piety under Ukayaw
 11380 | Lair:3   | Noticed Urug
 11398 | Lair:3   | Killed Urug
 11398 | Lair:3   | Reached skill level 1 in Dodging
 11683 | Lair:4   | Gained mutation: You are agile. (Dex +2) [potion of beneficial mutation]
 11756 | Lair:4   | Found a hole to the Spider Nest.
 11845 | Lair:4   | Noticed Josephine
 11856 | Lair:4   | Killed Josephine
 11873 | Lair:4   | Noticed Harold
 11891 | Lair:4   | Killed Harold
 12017 | Lair:4   | Reached skill level 5 in Dodging
 12321 | Lair:4   | Found a staircase to the Swamp.
 13151 | Lair:5   | Noticed Maud
 13179 | Lair:5   | Killed Maud
 13353 | Lair:5   | Reached skill level 1 in Stealth
 13707 | Lair:5   | Reached XP level 14. HP: 117/129 MP: 25/25
 13866 | Lair:6   | Reached skill level 5 in Stealth
 13921 | Lair:6   | Found a staircase to the Slime Pits.
 15158 | Lair:7   | Reached skill level 15 in Axes
 15589 | Lair:7   | Reached XP level 15. HP: 127/139 MP: 26/26
 15763 | Lair:8   | Entered Level 8 of the Lair of Beasts
 15799 | Lair:8   | Reached skill level 16 in Axes
 15935 | Lair:8   | Reached skill level 15 in Fighting
 16941 | Spider:1 | Entered Level 1 of the Spider Nest
 17186 | Spider:1 | Reached skill level 17 in Axes
 17344 | Spider:1 | Noticed an emperor scorpion
 17359 | Spider:1 | Killed an emperor scorpion
 17375 | Spider:1 | Got a polished chain mail
 17403 | Lair:4   | Identified the cursed +0 chain mail "Fojy" {rN+} (You found it on level 1 of the Spider Nest)
 18068 | Spider:2 | Noticed an emperor scorpion
 18095 | Spider:2 | Killed an emperor scorpion
 18299 | Spider:2 | Reached XP level 16. HP: 132/152 MP: 27/27
 18421 | Spider:2 | Reached skill level 18 in Axes
 19685 | Spider:4 | Entered Level 4 of the Spider Nest
 20033 | Spider:4 | Reached skill level 19 in Axes
 20046 | Spider:4 | Gained mutation: You are dopey. (Int -2) [potion of mutation]
 20046 | Spider:4 | Gained mutation: You are partially covered in thin metallic scales. (AC +2) [potion of mutation]
 20046 | Spider:4 | Gained mutation: Your magical capacity is low. (-10% MP) [potion of mutation]
 20777 | Spider:4 | Reached XP level 17. HP: 133/163 MP: 18/25
 20924 | Spider:4 | Got a gossamer rune of Zot
 21272 | D:11     | Identified a scroll of acquirement
 21485 | D:11     | Killed DEFE's ghost
 21770 | D:12     | Noticed Frances
 21783 | D:12     | Killed Frances
 22020 | D:12     | Noticed Maurice
 22039 | D:12     | Killed Maurice
 22073 | D:12     | Found Tyiwn's Gadget Boutique.
 22226 | D:12     | Noticed Rupert
 22239 | D:12     | Killed Rupert
 23267 | D:14     | Found a gate to the Vaults.
 23304 | Vaults:1 | Entered Level 1 of the Vaults
 24002 | Vaults:1 | Reached skill level 10 in Shields
 24480 | Vaults:1 | Reached skill level 10 in Armour
 24580 | Vaults:1 | Reached skill level 20 in Axes
 25011 | Vaults:1 | Reached XP level 18. HP: 174/174 MP: 26/26
 25352 | Vaults:2 | Paralysed by an ogre mage for 4 turns
 25682 | Vaults:2 | Found Exig's Antique Weapon Shoppe.
 25690 | Vaults:2 | Bought a warped war axe for 221 gold pieces
 25690 | Vaults:2 | Identified the +8 war axe "Xeoqeodu" {chop, rElec Str+5} (You bought it in a shop on level 2 of the Vaults)
 26158 | Vaults:2 | Found a staircase to the Crypt.
 26665 | Vaults:3 | Noticed Mennas
 26685 | Vaults:3 | Killed Mennas
 26945 | Vaults:3 | Reached skill level 21 in Axes
 27199 | Vaults:3 | Reached XP level 19. HP: 138/184 MP: 27/27
 27277 | Vaults:3 | Found a white marble altar of Elyvilon.
 27406 | Vaults:3 | Noticed Margery
 27418 | Vaults:3 | Killed from afar by a hell knight

Vault maps used:
D:1:      zaba_arrival_water, kennysheep_nondescript
D:2:      nicolae_tso_swordbearing_angel, okawaru_altar_gauntlet_db
D:3:      evilmike_ruin_ashenzari, gup_sewer_entry_spiral, minivault_26,
          lemuel_old_faithful
D:4:      first_bread, cheibrodos_gnoll_hut
D:6:      regret_index_temple_of_mockery, overflow_temple_1_default,
          vehumet_statue, uniq_edmund
D:7:      lemuel_doored_altar, nicolae_ru_great_annihilating_truth,
          temple_fountains, uniq_joseph, uniq_crazy_yiuf_cottage
D:8:      lair_0_dummy, basic_altar, minmay_small_thing
D:9:      kiku_gazebo_pond_becter, hangedman_fish_farm,
          hangedman_abyss_or_decor_passed
D:10:     david_orc_5
D:12:     serial_shops, nicolae_shop_stone, minmay_tree_intersection,
          spider_trap, kennysheep_generic_room_2, uniq_frances, uniq_maurice,
          uniq_rupert
D:13:     minmay_fire_ice_demons
D:14:     erik_vaults_1, serial_corexii_hall, corexii_hall_statues_x,
          corexii_hall_statues_i, corexii_hall_statues_i, corexii_hall_statues_i
Temple:   minmay_freezing_vapour_temple_12
Lair:2:   lemuel_fruit_tree, grunt_megastairs_4
Lair:3:   uniq_urug
Lair:4:   nicolae_swamp_entry_splash_gauntlet,
          nicolae_spider_entry_tight_spaces, uniq_harold, uniq_josephine
Lair:5:   minmay_lair_oklob_chamber, uniq_maud
Lair:6:   dpeg_slime_entry_corner, beast_lair_carwin_10
Lair:7:   wad_woods_structure_01, special_room
Lair:8:   guppyfry_lair_end_dragon, serial_bayou_shore_b, grunt_megastairs_2
Spider:4: grunt_spider_rune_circles
Vaults:1: ontoclasm_vaults_tryst, vaults_dpeg_ring, v_misc_18,
          grunt_vaults_hallway_short, vaults_dpeg_hooks, ontoclasm_vaults_spin,
          vaults_dpeg_diagonal
Vaults:2: vaults_dpeg_cross, v_misc_8, vaults_room_grid, hangedman_vaults_locks,
          v_misc_10, nicolae_vaults_triangles, v_misc_14,
          ontoclasm_vaults_bender, hangedman_vaults_trim,
          minmay_crypt_entry_vampire_xt, hangedman_vaults_maws,
          vaults_mumra_chevron, vaults_room_grunt_arrival_ludios, serial_glass,
          serial_shops, nicolae_shop_statue_plus
Vaults:3: vaults_dpeg_encased_lava, v_pattern_2, vaults_room_boxed,
          grunt_vaults_trifunnel, nicolae_vaults_shelves_hall, vaults_mumra_lcd,
          hangedman_vaults_corner_blocks, nicolae_vaults_little_squares_4,
          nicolae_vaults_sealed_display, basic_altar, uniq_margery, uniq_mennas

Skill      XL: |  1  2  3  4  5  6  7  8  9 10 11 12 13 14 15 16 17 18 19 |
---------------+----------------------------------------------------------+-----
Axes           | 3 4 5 6 7 8 10 11 13 14 15 17 19 20 21 | 21.3
Fighting       | 4 5 7 8 9 10 12 13 14 16 17 18 19 20 | 20.0
Shields        | 4 6 7 8 10 | 10.5
Armour         | 4 6 7 8 10 12 | 12.6
Invocations    | 8 14 15 | 15.7
Dodging        | 7 8 |  8.6
Stealth        | 3 8 |  8.3

Action                   |  1- 3 |  4- 6 |  7- 9 | 10-12 | 13-15 | 16-18 | 19-21 || total
-------------------------+-------+-------+-------+-------+-------+-------+-------++-------
Melee: War axe           |   139 |   246 |   212 |   577 |  1062 |  1345 |    38 ||  3619
Invok: Stomp             |       |       |       |     2 |     1 |     1 |       ||     4
       Grand Finale      |       |       |       |       |     5 |     6 |       ||    11
Evoke: Wand              |       |       |       |     3 |     4 |     3 |       ||    10
  Use: Scroll            |       |     9 |     3 |     4 |    17 |    11 |       ||    44
       Potion            |       |     1 |     1 |     3 |     3 |     6 |     1 ||    15
 Stab: Paralysed         |       |       |     3 |    21 |   163 |   210 |     4 ||   401
       Petrified         |       |       |       |       |     1 |       |       ||     1
       Distracted        |       |       |       |       |     1 |       |       ||     1
       Sleeping          |       |       |       |       |     1 |       |       ||     1
  Eat: Chunk             |     1 |     7 |     7 |    18 |    17 |    13 |       ||    63
       Beef jerky        |       |     1 |       |     1 |     3 |     3 |       ||     8
       Royal jelly       |       |       |       |     1 |       |     2 |     1 ||     4
       Fruit             |       |       |       |       |     2 |    11 |       ||    13
       Pizza             |       |       |       |       |     3 |       |       ||     3
       Bread ration      |       |       |       |       |       |     1 |       ||     1
Armor: Scale mail        |    60 |     2 |       |       |       |       |       ||    62
       Chain mail        |       |   161 |   109 |   231 |   436 |   478 |       ||  1415
       Plate armour      |       |       |       |       |       |    40 |     7 ||    47
Dodge: Dodged            |    45 |    48 |    36 |   106 |   363 |   417 |    10 ||  1025
Block: Shield            |    80 |   116 |    89 |   272 |   590 |   876 |    28 ||  2051
